 Dungeon Sprint DCSS version 0.21.0-24-g2553a33 (webtiles) character file.

135 letownia2 the Grappler (level 4, -1/42 HPs)
             Began as a Troll Wizard on Jan 20, 2018.
             Slain by a neqoxec (6 damage)
             ... in the Dungeon (Sprint II: "The Violet Keep of Menkaure").
             The game lasted 00:00:52 (83 turns).

letownia2 the Grappler (Troll Wizard)                 Turns: 83, Time: 00:00:53

Health: -1/42      AC:  5    Str: 15    XL:     4   Next: 97%
Magic:  6/6        EV:  9    Int: 15    God:
Gold:   243        SH:  0    Dex:  8    Spells: 4/7 levels left

rFire    . . .     SeeInvis .     - Unarmed
rCold    . . .     Gourm    +   (no shield)
rNeg     . . .     Faith    .   a - +0 robe
rPois    .         Spirit   .   b - +0 hat
rElec    .         Reflect  .   (no cloak)
rCorr    .         Harm     .   (gloves unavailable)
MR       .....     NoTele   +   (boots unavailable)
Stlth    +.........             (no amulet)
HPRegen  0.54/turn              (no ring)
MPRegen  0.10/turn              (no ring)

@: no status effects
A: large, unfitting armour, claws 3, fast metabolism 3, gourmand, regeneration
1, shaggy fur 1, tough skin 2
a: no special abilities


You were in the Dungeon.
You were full.

You visited 1 branch You collected 243 gold pieces.

Inventory:

Armour
 a - a +0 robe (worn)
 b - a +0 hat (worn)
Scrolls
 j - a scroll of blinking
Potions
 e - a potion of curing
 f - a potion of heal wounds
 g - a potion of haste
 h - 2 potions of magic
Books
 c - a book of Minor Magic

   Spells                             Type                      Level
   a - Magic Dart                     Conjuration                  1
   b - Blink                          Translocation                2
   c - Call Imp                       Summoning                    2
   d - Slow                           Hexes                        2
   e - Conjure Flame                  Conjuration/Fire             3
   f - Mephitic Cloud                 Conjuration/Poison/Air       3
Comestibles
 d - 2 rations


   Skills:
 - Level 1.7 Fighting
 - Level 1.5 Dodging
 - Level 1.0 Stealth
 * Level 8.0 Unarmed Combat
 - Level 2.0 Spellcasting
 - Level 3.8 Conjurations
   Level 0.6 Summonings
 - Level 0.6 Translocations


You had 4 spell levels left.
You knew the following spells:

 Your Spells              Type           Power        Failure   Level  Hunger
a - Magic Dart            Conj           ##..         4%          1    #......
b - Blink                 Tloc           N/A          26%         2    ###....


Dungeon Overview and Level Annotations

Branches:
Dungeon (1/1)

Altars:


Innate Abilities, Weirdness & Mutations

You are too large for most types of armour.
You have claws for hands.
Your metabolism is lightning-fast.
You like to eat raw meat.
Your natural rate of healing is unusually fast.
You are covered in fur. (AC +1)
You have very tough skin. (AC +2)


Message History

You scratch the neqoxec.
The neqoxec is almost dead.
The neqoxec hits you.
You scratch the neqoxec.
You kill the neqoxec!
You feel your intelligence returning.
Your Unarmed Combat skill gained 5 levels and is now at level 8!
Your Conjurations skill gained 3 levels and is now at level 3!
You have reached level 3!
Your experience leads to an increase in your attributes!
Increase (S)trength, (I)ntelligence, or (D)exterity?
You feel clever.
You feel stronger.
You have reached level 4!
You claw the neqoxec!
The neqoxec is moderately wounded.
The neqoxec hits you!
* * * LOW HITPOINT WARNING * * *
You completely miss the neqoxec.
The neqoxec is moderately wounded.
The neqoxec hits you.
You die... .# #. # H#H

# ##. #+#
.#
#..w##.##.#
#+.<.'#
#..w##.###
##. ##'## #
##.#3##
#.##@.#
###..##
#+##


You could see a neqoxec.

Vanquished Creatures
  A neqoxec (D)
  3 worms (D)
4 creatures vanquished.

Vanquished Creatures (others)
  A crocodile (D)
1 creature vanquished.

Grand Total: 5 creatures vanquished

Notes
Turn   | Place    | Note
-------+----------+-------------------------------------------
     0 | D        | letownia2 the Troll Wizard began the quest for the Orb.
     0 | D        | Reached XP level 1. HP: 16/16 MP: 2/2
     1 | D        | Noticed a hippogriff
     1 | D        | Noticed a hippogriff
     4 | D        | Noticed a tyrant leech
     4 | D        | Noticed a tyrant leech
    16 | D        | Reached skill level 1 in Fighting
    16 | D        | Reached skill level 2 in Unarmed Combat
    19 | D        | Killed a crocodile
    25 | D        | Reached skill level 3 in Unarmed Combat
    25 | D        | Reached XP level 2. HP: 8/28 MP: 4/4
    48 | D        | Learned a level 2 spell: Blink
    64 | D        | Noticed a neqoxec
    79 | D        | Noticed a neqoxec
    81 | D        | Killed a neqoxec
    81 | D        | Reached skill level 8 in Unarmed Combat
    81 | D        | Reached XP level 3. HP: 11/35 MP: 5/5
    81 | D        | Reached XP level 4. HP: 13/42 MP: 6/6
    83 | D        | Slain by a neqoxec

Skill      XL: |  1  2 |
---------------+-------+-----
Fighting       | 1 |  1.7
Unarmed Combat | 3 8 |  8.0
Conjurations   | 3 |  3.8
Dodging        | |  1.5
Stealth        | |  1.0
Spellcasting   | |  2.0
Summonings     | |  0.6
Translocations | |  0.6

Action                   |  1- 3 |  4- 6 || total
-------------------------+-------+-------++-------
Melee: Unarmed           |    24 |     2 ||    26
  Use: Potion            |     1 |       ||     1
  Eat: Chunk             |     3 |       ||     3
Armor: Robe              |     3 |       ||     3
Dodge: Dodged            |     2 |       ||     2
